 Dungeon Crawl Stone Soup version 0.17-a0-1411-g06ff558 (webtiles) character file.

877 downad the Skirmisher (level 8, 0/69 HPs)
             Began as a Hill Orc Monk on June 23, 2015.
             Was a Believer of Fedhas.
             Slain by a water moccasin (2 damage)
             ... on level 5 of the Dungeon.
             The game lasted 00:40:30 (7167 turns).

downad the Skirmisher (Hill Orc Monk)               Turns: 7167, Time: 00:40:30

Health: 0/69       AC:  3    Str: 14    XL:     8   Next: 4%
Magic:  15/17      EV: 14    Int: 11    God:    Fedhas [**....]
Gold:   192        SH:  0    Dex: 14    Spells: 0 memorised, 7 levels left

rFire  . . .     SeeInvis .     b - +0 whip (venom)
rCold  . . .     Clarity  .     a - +0 robe
rNeg   . . .     SustAt   .     (no shield)
rPois  .         Gourm    .     (no helmet)
rElec  .         Spirit   .     (no cloak)
rCorr  .         Warding  .     (no gloves)
rMut   .         Stasis   .     d - +0 pair of boots
MR     .....                    (no amulet)
Stlth  +.........               (no ring)
                                y - ring of magical power

@: lethally poisoned (0 -> -25), glowing, not resistant to hostile enchantments,
very unstealthy
A: no striking features
a: Evolution, Sunlight, Renounce Religion


You were on level 5 of the Dungeon.
You worshipped Fedhas.
Fedhas was pleased with you.
You were not hungry.

You visited 1 branch of the dungeon, and saw 5 of its levels.
You also visited: Ossuary.

You collected 192 gold pieces.

Inventory:

Hand weapons
 b - a +0 whip of venom (weapon)
 c - a +0 dagger
 g - a +0 scythe
 i - a +0 hunting sling
 k - a +0 hand axe
 l - a +0 short sword
Missiles
 j - 115 stones (quivered)
Armour
 a - a +0 robe (worn)
 d - a +0 pair of boots (worn)
 e - a +0 robe
 o - a +0 robe
 r - a +0 chain mail of cold resistance
 s - a +0 robe
Jewellery
 y - a ring of magical power (left hand)
Magical devices
 p - a wand of disintegration (9)
Scrolls
 f - a scroll of enchant weapon
 h - 2 scrolls of recharging
 m - a scroll of amnesia
 v - a scroll of remove curse {unknown}
Potions
 n - a potion of curing {unknown}
 q - 3 potions of flight
 t - a potion of degeneration {unknown}
 u - a potion of mutation {unknown}
Comestibles
 w - 2 fruits


   Skills:
 + Level 5.6 Fighting
 + Level 1.1(1.7) Axes
 + Level 1.4(1.6) Maces & Flails
 + Level 4.0(4.2) Slings
 + Level 2.3(3.7) Throwing
 + Level 4.5 Dodging
 + Level 2.8 Stealth
 + Level 4.7 Unarmed Combat


You had 7 spell levels left.
You didn't know any spells.

Dungeon Overview and Level Annotations

Branches:
Dungeon (5/15)             Temple (0/1) D:4

Altars:
Ashenzari
Cheibriados
Fedhas
Nemelex Xobeh

Annotations:
D:3 Robin


Message History

Aim: a water moccasin (moderately wounded, poisoned, chance to defeat MR: 65%)
The water moccasin struggles to resist.
Evoking this partially-identified wand wasted a few charges.
* * * LOW HITPOINT WARNING * * *
You feel very sick. The water moccasin bites you.
* * * LOW HITPOINT WARNING * * *
The water moccasin barely misses you.
Use which ability? (? or * to list) Select sunlight destination.
Press: ? - help, Dir - move target cursor, f/p - water moccasin
Aim: a water moccasin (moderately wounded, poisoned)
You feel slightly more hungry.
* * * LOW HITPOINT WARNING * * *
You feel very sick. The water moccasin barely misses you.
* * * LOW HITPOINT WARNING * * *
You feel sick. The water moccasin bites you.
You die...
Fedhas appreciates your contribution to the ecosystem.

#.'.#.##.########....#......#####
###.#.##.# #....####........
.##.#.##.# #....# #.#######
..#...##.# ###### #.#######
.........# #.#......
##....##.################.#......
..#.....................#.#......
..#.#.##.##############.#.#......
..#.#.#.........@.......#.#######
..#.#....######S#########.#
..#.#..#.# #..# ..'......# .(..#
..#.##...# #..$.#
......#..##.....#
###.#.#..##....## ..#.#..##.(..
###.#.>.


You could see a water moccasin.

Vanquished Creatures
  Grinder (D:3)
  Sigmund (D:4)
  An ogre (D:4)
  An orc priest (D:3)
  Ijyb (D:3)
  2 hounds
  2 orc wizards
  An iguana (D:4)
  A worker ant (D:4)
  A mummy (D:5)
  3 gnolls (D:4)
  7 adders
  A shadow imp (D:5)
  2 worms
  7 orcs
  9 hobgoblins
  14 jackals
  3 quokkas
  2 ball pythons
  12 bats
  3 giant cockroaches
  A giant cockroach zombie (D:5)
  2 giant geckos
  4 giant newts
  A gnoll zombie (Ossuary)
  13 goblins
  A goblin zombie (D:5)
  A hobgoblin zombie (Ossuary)
  8 kobolds
  A kobold zombie (D:5)
  2 orc zombies (Ossuary)
  7 rats
116 creatures vanquished.

Notes
Turn   | Place    | Note
--------------------------------------------------------------
     0 | D:1      | downad the Hill Orc Monk began the quest for the Orb.
     0 | D:1      | Reached XP level 1. HP: 19/19 MP: 1/1
   362 | D:1      | Reached XP level 2. HP: 16/27 MP: 2/2
  1360 | D:1      | Reached XP level 3. HP: 33/33 MP: 3/3
  1635 | D:2      | HP: 1/33 [poisoned by an adder]
  2022 | D:2      | Found a snail-covered altar of Cheibriados.
  2600 | D:2      | Reached skill level 1 in Slings
  2752 | D:3      | Reached XP level 4. HP: 40/40 MP: 4/4
  2873 | D:3      | Noticed Grinder
  2873 | D:3      | Paralysed by Grinder for 7 turns
  2920 | D:3      | Killed Grinder
  2920 | D:3      | Reached skill level 1 in Axes
  2920 | D:3      | Reached XP level 5. HP: 41/47 MP: 5/5
  2920 | D:3      | Reached XP level 6. HP: 46/53 MP: 6/6
  3244 | D:3      | Noticed Ijyb
  3258 | D:3      | Killed Ijyb
  3358 | D:3      | Noticed Robin
  3818 | D:3      | Reached skill level 5 in Fighting
  4186 | D:4      | Found a shattered altar of Ashenzari.
  4328 | D:4      | Found a blossoming altar of Fedhas.
  4342 | D:4      | Found a staircase to the Ecumenical Temple.
  4346 | D:4      | Became a worshipper of Fedhas Madash
  4346 | D:4      | Acquired Fedhas's first power
  4346 | D:4      | Acquired Fedhas's second power
  4349 | D:4      | Noticed Sigmund
  4377 | D:4      | Killed Sigmund
  4377 | D:4      | Reached skill level 1 in Maces & Flails
  4377 | D:4      | Reached XP level 7. HP: 13/61 MP: 7/7
  5059 | D:4      | Reached skill level 1 in Throwing
  6004 | D:4      | Found a sparkling altar of Nemelex Xobeh.
  6400 | D:5      | Entered Level 5 of the Dungeon
  6517 | D:5      | Reached XP level 8. HP: 52/69 MP: 8/8
  6795 | D:5      | Found a sand-covered staircase.
  6804 | Ossuary  | Entered an ossuary
  7167 | D:5      | HP: 2/69 [poisoned by a water moccasin]
  7167 | D:5      | Slain by a water moccasin

Vault maps used:
D:1:      saegor_arrival_simple_b, hangedman_abyss_or_decor_stabs
D:2:      lemuel_tele_altar
D:3:      uniq_grinder, uniq_iyjb, uniq_robin
D:4:      kennysheep_mini, grunt_temple_overflow_open,
          minmay_temple_entry_butterflies, first_bread, uniq_sigmund
D:5:      minmay_opposing_rooms, portal_sewer_entry_a,
          nicolae_ossuary_entry_giza, hangedman_abyss_or_decor_stagger,
          minmay_stone_trees_small, uniq_blork_the_orc
Ossuary:  ossuary_tomb_3

Action                   |  1- 3 |  4- 6 |  7- 9 || total
-------------------------+-------+-------+-------++-------
Melee: Dagger            |    54 |       |       ||    54
       Unarmed           |     4 |       |       ||     4
       Hand axe          |    49 |       |       ||    49
       Hunting sling     |    13 |       |       ||    13
       Whip              |     4 |   122 |   143 ||   269
 Fire: Hunting sling     |    58 |    49 |     6 ||   113
Throw: Stone             |     6 |    15 |   143 ||   164
Invok: Sunlight          |       |       |     1 ||     1
Evoke: Wand              |       |       |     1 ||     1
  Use: Scroll            |     5 |     1 |       ||     6
       Potion            |     2 |     4 |     1 ||     7
 Stab: Sleeping          |     3 |       |     1 ||     4
  Eat: Pizza             |     2 |       |       ||     2
       Bread ration      |     1 |       |     1 ||     2
       Meat ration       |       |     1 |     1 ||     2
       Fruit             |       |       |     1 ||     1
